 Dungeon Crawl Stone Soup version 0.30-a0-364-gf6b3ef1049 (webtiles) character file.

Game seed: 11494186798880615477

917 NinjaNoafa the Conjurer (level 8, -2/54 HPs)
             Began as a Human Wanderer on Nov 15, 2022.
             Slain by Pikel
             ... wielding a +1 whip of flaming
              (4 damage)
             ... on level 5 of the Dungeon.
             The game lasted 00:18:07 (4974 turns).

NinjaNoafa the Conjurer (Human Wanderer)            Turns: 4974, Time: 00:18:09

Health: -2/54      AC:  3    Str: 18    XL:     8   Next: 31%
Magic:  14/14      EV: 12    Int: 22    God:
Gold:   195        SH:  0    Dex: 12    Spells: 11/15 levels left

rFire   . . .      SeeInvis .    x - +4 quarterstaff
rCold   . . .      Faith    .    (shield currently unavailable)
rNeg    . . .      Spirit   .    e - +0 robe
rPois   .          Reflect  .    (no helmet)
rElec   .          Harm     .    (no cloak)
rCorr   .          Rampage  .    (no gloves)
Will    .....                    c - +0 pair of boots
Stlth   +.........               (no amulet)
HPRegen 0.29/turn                r - +6 ring of intelligence
MPRegen 0.14/turn                y - +6 ring of strength

@: mighty
A: no striking features
a: no special abilities


You were on level 5 of the Dungeon.
You visited 1 branch of the dungeon, and saw 5 of its levels.
You also visited: Sewer.

You collected 234 gold pieces.
You spent 39 gold pieces at shops.

Inventory:

Hand Weapons
 x - a +4 quarterstaff (weapon)
Missiles
 a - 50 stones
 n - 9 boomerangs
 F - 9 curare-tipped darts
 G - 2 throwing nets
Armour
 c - a +0 pair of boots (worn)
 e - a +0 robe (worn)
Jewellery
 r - a +6 ring of intelligence (left hand)
 y - a +6 ring of strength (right hand)
 C - a ring of fire
Wands
 u - a wand of paralysis (8)
 A - a wand of quicksilver (18)
Scrolls
 b - 3 scrolls of magic mapping {unknown}
 d - 2 scrolls of fog
 g - a scroll of fear {unknown}
 i - 4 scrolls of vulnerability {unknown}
 k - a scroll of blinking {unknown}
 m - a scroll of brand weapon {unknown}
 s - a scroll of teleportation
 t - a scroll of acquirement {unknown}
 w - 2 scrolls of enchant armour {unknown}
 D - 2 scrolls of amnesia {unknown}
 E - 2 scrolls of identify
Potions
 f - a potion of magic
 h - a potion of mutation
 j - 2 potions of haste
 l - 2 potions of resistance {unknown}
 p - a potion of lignification {unknown}
 q - 2 potions of might
 v - a potion of invisibility
 z - 2 potions of curing {unknown}
 B - a potion of berserk rage {unknown}


   Skills:
 + Level 1.0 Fighting
 + Level 0.0 Staves
 + Level 2.0 Dodging
 + Level 0.0 Stealth
 - Level 2.0 Unarmed Combat
 - Level 4.0 Spellcasting
 - Level 5.0 Conjurations
 - Level 4.0 Ice Magic
 - Level 5.0 Air Magic
 + Level 1.0 Evocations


You had 11 spell levels left.
You knew the following spells:

 Your Spells              Type           Power      Damage    Failure   Level
a - Shock                 Conj/Air       100%       1d9       1%          1
b - Hailstorm             Conj/Ice       24%        3d7       5%          3

Your spell library contained the following spells:

 Spells                   Type           Power      Damage    Failure   Level


Dungeon Overview and Level Annotations

Branches:
Dungeon (5/15)              Sewer (visited)
 Temple: D:4-7

Altars:
Dithmenos
Fedhas
Okawaru
Xom

Shops:
D:3 :?:=   D:4 !!

Annotations:
D:5 3 runed translucent doors, Darkkill's ghost, amateur MiHu; Pikel; hgbash's ghost, amateur OpFE; olddryhag's ghost, novice DsGl; porpoise's ghost, amateur GrDe; sleeves's ghost, amateur DsMo


Message History

Aiming: Shock (safe; 1% risk of failure)
Press: ? - help, Shift-Dir - straight line, f - Pikel
Aim: Pikel, wielding a +1 whip of flaming and wearing a +0 robe (moderately wounded, 67% to hit)
The zap misses Pikel.
The zap hits the lemure.
The lemure is severely wounded.
The lemure completely misses you. The lemure hits you.
The lemure closely misses you. Magic courses through your body.
The lemure hits you but does no damage.
Pikel hits you with a +1 whip of flaming!
* * * LOW HITPOINT WARNING * * *
Pikel burns you.
* * * LOW HITPOINT WARNING * * *
The lemure misses you. x2
You feel very mighty all of a sudden. The lemure misses you.
Pikel closely misses you. The lemure hits you.
* * * LOW HITPOINT WARNING * * *
The lemure hits you.
* * * LOW HITPOINT WARNING * * *
You feel much better. The lemure closely misses you.
Pikel hits you with a +1 whip of flaming.
Pikel burns you. The lemure hits you. The lemure misses you.
You feel much better. The lemure hits you!
Pikel hits you with a +1 whip of flaming!
Pikel burns you. The lemure hits you. The lemure barely misses you.
You miss Pikel.
Pikel is moderately wounded.
The lemure closely misses you.
Pikel hits you with a +1 whip of flaming!
* * * LOW HITPOINT WARNING * * *
Pikel burns you.
* * * LOW HITPOINT WARNING * * *
The lemure closely misses you.
Your magical contamination has completely faded away.
You hit Pikel.
Pikel is heavily wounded.
The lemure barely misses you.
Pikel hits you with a +1 whip of flaming!
* * * LOW HITPOINT WARNING * * *
Pikel burns you.
You die...

#.........
..........###.........
........#.#......g..#
#..........o........# .#
#...... .#...o.<...##
...#.....#..##.........#
.......##.#...........
#..55......#........
#.@K...............
##55...#######.....
#.####....## ###...
#.........# .##..
...........# .....
..####.....# ..##..
#......## ###...
##......#######.....
#..................


You could see Pikel and 4 lemures.

Vanquished Creatures
  An ogre (D:5)
  A gnoll sergeant (D:5)
  3 scorpions
  An orc priest (D:5)
  5 hounds
  An orc wizard (D:5)
  3 iguanas (D:5)
  Ijyb (D:4)
  4 gnolls
  9 adders
  2 shadow imps (Sewer)
  8 ufetubi
  A dart slug (D:1)
  7 orcs
  5 ball pythons
  7 endoplasms
  4 giant cockroaches
  7 goblins
  5 hobgoblins
  6 jackals (D:2)
  7 quokkas
  5 bats
  6 frilled lizards
  22 kobolds
  5 kobold zombies (Sewer)
  4 rats
130 creatures vanquished.

Notes
Turn   | Place    | Note
-------+----------+-------------------------------------------
     0 | D:1      | NinjaNoafa the Human Wanderer began the quest for the Orb.
     0 | D:1      | NinjaNoafa set off with the following items: a +0 dagger, a
                  | potion of invisibility, a +0 pair of boots, a scroll of
                  | fog, a +0 robe, a potion of might; and the following spell
                  | memorised: Shock; and the following spells available to
                  | memorise: Hailstorm.
     0 | D:1      | Reached XP level 1. HP: 15/15 MP: 2/2
    40 | D:1      | Reached skill level 1 in Air Magic
   143 | D:1      | Reached XP level 2. HP: 15/21 MP: 0/3
   634 | D:2      | Reached XP level 3. HP: 26/26 MP: 0/4
   921 | D:2      | Reached XP level 4. HP: 21/32 MP: 1/7
  1093 | D:2      | Found a faded altar of an unknown god.
  1551 | D:3      | Found Kiewn's Magic Scroll Boutique.
  1569 | D:3      | Found a shadowy altar of Dithmenos.
  1571 | D:3      | Found Gog Quku's Book Boutique.
  1695 | D:3      | Bought a scroll of teleportation for 39 gold pieces
  1728 | D:3      | Found Kedubbuga's Jewellery Shoppe.
  1770 | D:3      | Found a glowing drain.
  1830 | Sewer    | Entered a sewer
  1865 | Sewer    | Reached XP level 5. HP: 37/37 MP: 6/9
  2271 | Sewer    | Noticed Grinder
  2428 | D:3      | Found Xoesial's Book Boutique.
  2570 | D:3      | Reached XP level 6. HP: 30/43 MP: 10/10
  2779 | D:4      | Found a shimmering altar of Xom.
  2801 | D:4      | Found a blossoming altar of Fedhas.
  2834 | D:4      | Noticed Ijyb
  2845 | D:4      | Killed Ijyb
  2984 | D:4      | Found Liocemn's Distillery.
  3014 | D:4      | Reached skill level 1 in Ice Magic
  3014 | D:4      | Found Qoschei's Distillery.
  3347 | D:4      | Found an iron altar of Okawaru.
  3584 | D:4      | Reached XP level 7. HP: 48/48 MP: 9/11
  3726 | D:5      | Entered Level 5 of the Dungeon
  4065 | D:4      | Reached skill level 5 in Conjurations
  4473 | D:5      | Reached XP level 8. HP: 54/54 MP: 6/12
  4697 | D:5      | Reached skill level 5 in Air Magic
  4834 | D:5      | Learned a level 3 spell: Hailstorm
  4894 | D:5      | Found a runed translucent gate.
  4895 | D:5      | Found a runed translucent gate.
  4895 | D:5      | Found a runed translucent gate.
  4897 | D:5      | Noticed porpoise's ghost (amateur GrDe)
  4897 | D:5      | Noticed Darkkill's ghost (amateur MiHu)
  4899 | D:5      | Noticed sleeves's ghost (amateur DsMo)
  4900 | D:5      | Noticed olddryhag's ghost (novice DsGl)
  4902 | D:5      | Noticed hgbash's ghost (amateur OpFE)
  4959 | D:5      | Noticed Pikel
  4974 | D:5      | HP: 2/54 [Pikel/+1 whip of flaming (8)]
  4974 | D:5      | Slain by Pikel

Illustrated notes

Levels and vault maps discovered:
D:1:      wander_arrival_lonely_grave, layout_rooms, minmay_misc_feat_encased
D:2:      layout_rooms, hellmonk_ecumenical_altar_dog_temple,
          kennysheep_crisscross, grunt_decor_fettered, guppyfry_early_lair_pool
D:3:      layout_rooms, mainiacjoe_overflow_tiny_flanked, serial_shops,
          nicolae_shop_window_shopping, shop, nicolae_lakefront_shop, shop,
          cheibrodos_sewer_entry_drain
D:4:      layout_gridville, mainiacjoe_overflow_six_doors_small, minitemple,
          serial_shops, nicolae_shop_statue_plus, nicolae_stop_n_shop_1,
          uniq_ijyb
D:5:      layout_cave_pools, mainiacjoe_overflow_24_doors,
          gammafunk_ghost_cemetery, minmay_fire_ice_demons, uniq_pikel

Skill      XL: |  1  2  3  4  5  6  7  8 |
---------------+-------------------------+-----
Air Magic      | 1 2 4 5 |  5.0
Spellcasting   | 2 3 4 |  4.0
Ice Magic      | 1 4 |  4.0
Conjurations   | 4 5 |  5.0
Fighting       | |  1.0
Dodging        | |  2.0
Unarmed Combat | |  2.0
Evocations     | |  1.0

Action                   |  1- 3 |  4- 6 |  7- 9 || total
-------------------------+-------+-------+-------++-------
Melee: Unarmed           |    37 |    28 |       ||    65
       Dagger            |     2 |       |       ||     2
       Long sword        |    29 |     9 |       ||    38
       Quarterstaff      |       |    28 |    10 ||    38
 Cast: Shock             |    35 |   154 |    91 ||   280
       Hailstorm         |       |       |     3 ||     3
  Use: Potion            |     1 |     2 |     6 ||     9
       Scroll            |       |     5 |       ||     5
 Stab: Sleeping          |     1 |       |       ||     1
       Invisible         |       |     5 |       ||     5
Armor: Robe              |    22 |    40 |     7 ||    69
Dodge: Dodged            |    47 |   134 |    61 ||   242

Table legend: (Time is in decaauts)
 A = Elapsed time spent in this place.
 B = Non-inter-level travel time spent in this place.
 C = Inter-level travel time spent in this place.
 D = Time resting spent in this place.
 E = Time spent auto-exploring this place.
 F = Levels seen in this place.
 G = Mean time per level.
                   A        B        C        D        E       F      G
               +--------+--------+--------+--------+--------+-----+--------+
         Total |   5027 |   4904 |    123 |     64 |   3832 |   6 |  837.8 |
       Dungeon |   4559 |   4436 |    123 |      0 |   3639 |   5 |  911.8 |
         Sewer |    467 |    467 |      0 |     64 |    193 |   1 |  467.0 |
               +--------+--------+--------+--------+--------+-----+--------+

Top non-repeatable levels by time:
     D:4: 1344 daAuts
     D:5: 884 daAuts
     D:3: 883 daAuts
     D:2: 812 daAuts
     D:1: 634 daAuts
   Sewer: 467 daAuts
